 Dungeon Crawl Stone Soup version 0.31-a0-667-g39726597b9 (webtiles) character file.

Game seed: 10203792881965325743

2 GordonOverkill the Sneak (level 1, -4/14 HPs)
             Began as a Tengu Delver on Sept 4, 2023.
             Slain by Prince Ribbit (18 damage)
             ... on level 5 of the Dungeon.
             The game lasted 00:01:28 (241 turns).

GordonOverkill the Sneak (Tengu Delver)              Turns: 241, Time: 00:01:29

Health: -4/14      AC:  3    Str: 12    XL:     1   Next: 30%
Magic:  2/2        EV: 27    Int: 10    God:
Gold:   23         SH:  0    Dex: 15    Spells: 0/0 levels left

rFire   . . .        a - +0 spear
rCold   . . .        (no shield)
rNeg    . . .        b - +0 leather armour
rPois   .            (helmet restricted)
rElec   .            (no cloak)
rCorr   .            (no gloves)
SInv    .            (boots unavailable)
Will    .....        (no amulet)
Stlth   +++          (no ring)
HPRegen 0.22/turn    (no ring)
MPRegen 0.08/turn

%: acrobat
@: weakened, acrobatic
A: beak, talons 3, acrobatic
a: no special abilities


You were on level 5 of the Dungeon.
You visited 1 branch of the dungeon, and saw 3 of its levels.

You collected 23 gold pieces.

Inventory:

Hand Weapons
 a - a +0 spear (weapon)
Armour
 b - a +0 leather armour (worn)
Wands
 d - a wand of paralysis (13)
 g - a wand of digging (3)
Scrolls
 c - a scroll of fog
 e - a scroll of fear
Potions
 f - a potion of haste


   Skills:
 - Level 3.0 Fighting
 - Level 2.4 Polearms
 - Level 2.1 Dodging
 - Level 5.0 Stealth
 + Level 0.0 Evocations


You couldn't memorise any spells.
You didn't know any spells.
Your spell library was empty.

Dungeon Overview and Level Annotations

Branches:
Dungeon (7/15)
 Temple: D:4-7

Altars:

Annotations:
D:5 Prince Ribbit
D:6 exclusion: downstairs


Innate Abilities, Weirdness & Mutations

You have a beak for a mouth.
You have claws for feet.
You can magically evade attacks while moving or waiting.


Message History

Found 12 gold pieces, a ring mail and a curved glass wand.
You open the door.
There is an open door here.
You open the door.
There is an open door here.
You now have 23 gold pieces (gained 12).
d - a wand of paralysis (13)
There is an open door here.
You open the door.
A howler monkey comes into view.
There is an open door here.
You close the door.
You open the door.
There is an open door here.
An ice beast comes into view.
The ice beast moves out of view.
You hear the slow hiss of a distant avalanche of sand.
There is a stone staircase leading up here.
You climb upwards.
There is a stone staircase leading down here.
You open the door.
A scorpion comes into view.
Found 21 gold pieces.
You close the door.
There is a stone staircase leading down here.
A sleepcap comes into view.
Found a manual of Throwing.
A two-headed ogre comes into view. It is wielding two +0 giant clubs.
The two-headed ogre shouts in stereo!
You hear a shout!
You hear a loud, deep croak!
Found a scroll labelled IZXOTTO FAGITUE.
Prince Ribbit comes into view.
A gnoll bouda comes into view. It is wielding a +0 whip.
The gnoll bouda shouts!
The gnoll bouda gazes fiercely through you!
You feel your attacks grow feeble.
The gnoll bouda moves out of view.
Prince Ribbit hits you!!
Ouch! That really hurt!
You die...

#. ... . #. ##.# .#
#.##..##.#
..$..$.##...?....#
...s...+........
....... #...####
...... #..fO..#
..... #.#.##.# ...
##.#.##@# #+#
##.....F.# #.#
###..##.##..# #>#
##...#...#.#.#
##.###...#.##..# ..
#...#..#.##f###..#.g
......###..#..### #.
#...######..##: #.
##..............


You could see Prince Ribbit and a gnoll bouda.

Vanquished Creatures
  An orc (D:5)
1 creature vanquished.

Notes
Turn   | Place    | Note
-------+----------+-------------------------------------------
     0 | D:5      | GordonOverkill the Tengu Delver began the quest for the
                  | Orb.
     0 | D:5      | Reached XP level 1. HP: 14/14 MP: 2/2
    23 | D:7      | Noticed a wight
    23 | D:7      | Noticed a wight
    23 | D:7      | Noticed a wight
    23 | D:7      | Noticed a wight
    25 | D:7      | Noticed an orc wizard
    25 | D:7      | Noticed a wight
    26 | D:7      | Noticed an orc wizard
    73 | D:6      | Noticed a gnoll bouda
   189 | D:6      | Noticed a howler monkey
   198 | D:6      | Noticed an ice beast
   212 | D:5      | Noticed a scorpion
   222 | D:5      | Noticed a sleepcap
   232 | D:5      | Noticed a two-headed ogre
   235 | D:5      | Noticed Prince Ribbit
   240 | D:5      | Noticed a gnoll bouda
   241 | D:5      | Slain by Prince Ribbit

Illustrated notes

Levels and vault maps discovered:
D:5:      layout_loops_corners, kennysheep_mini, minmay_manual_mess,
          uniq_prince_ribbit1
D:6:      layout_gridville, enter_ossuary_2
D:7:      layout_basic, serial_glass, glass_columns_a, glass_columns_a,
          glass_columns_a, glass_columns_a, glass_columns_b, glass_columns_c,
          gammafunk_ghost_grave

Action                     || total
---------------------------++-------
  Melee: Spear             ||     3
         Kick              ||     1
         Peck              ||     1
    Use: Scroll            ||     1
 Armour: Leather armour    ||     3
  Dodge: Dodged            ||     5

Table legend: (Time is in decaauts)
 A = Elapsed time spent in this place.
 B = Non-inter-level travel time spent in this place.
 C = Inter-level travel time spent in this place.
 D = Time resting spent in this place.
 E = Time spent auto-exploring this place.
 F = Levels seen in this place.
 G = Mean time per level.
                   A        B        C        D        E       F      G
               +--------+--------+--------+--------+--------+-----+--------+
         Total |    241 |    241 |      0 |     24 |      0 |   3 |   80.3 |
       Dungeon |    241 |    241 |      0 |     24 |      0 |   3 |   80.3 |
               +--------+--------+--------+--------+--------+-----+--------+

Top non-repeatable levels by time:
     D:6: 116 daAuts
     D:5: 108 daAuts
     D:7: 17 daAuts
